 Dungeon Crawl Stone Soup version 0.25-a0-258-g6d7e32a812 (webtiles) character file.

Game seed: 9142889470808628841, levelgen mode: deterministic

156 Essalna the Slasher (level 5, -5/42 HPs)
             Began as a Demonspawn Gladiator on Dec 6, 2019.
             Slain by an ice beast (9 damage)
             ... on level 3 of the Dungeon.
             The game lasted 00:07:35 (2150 turns).

Essalna the Slasher (Demonspawn Gladiator)          Turns: 2150, Time: 00:07:36

Health: -5/42      AC:  6    Str: 15    XL:     5   Next: 15%
Magic:  0/5        EV: 12    Int:  9    God:
Gold:   140        SH:  0    Dex: 15    Spells: 4/4 levels left

rFire    . . .     SeeInvis .   a - +1 long sword
rCold    . . .     Gourm    .   (no shield)
rNeg     . . .     Faith    .   b - +0 leather armour
rPois    .         Spirit   +   c - +1 helmet
rElec    .         Reflect  .   w - +0 cloak
rCorr    .         Harm     .   (no gloves)
MR       +....                  (no boots)
Stlth    +.........             (no amulet)
HPRegen  0.14/turn              y - ring of protection from magic
MPRegen  0.09/turn              (no ring)

@: no status effects
A: powered by death 1, magic shield
a: no special abilities


You were on level 3 of the Dungeon.
You were hungry.

You visited 1 branch of the dungeon, and saw 3 of its levels.

You collected 140 gold pieces.

Inventory:

Hand Weapons
 a - a +1 long sword (weapon)
Armour
 b - a +0 leather armour (worn)
 c - a +1 helmet (worn)
 w - a +0 cloak (worn)
Jewellery
 y - a ring of protection from magic (left hand)
 z - an uncursed amulet of faith
Wands
 x - a wand of iceblast (7)
Scrolls
 g - 2 scrolls of blinking
 h - a scroll of immolation {unknown}
 i - 7 scrolls of identify
 m - a scroll of teleportation
 q - a scroll of remove curse
 u - a scroll of enchant armour
Potions
 e - a potion of ambrosia {unknown}
 k - 2 potions of flight {unknown}
 l - a potion of might {unknown}
 n - 2 potions of agility {unknown}
 o - 2 potions of invisibility {unknown}
 p - a potion of mutation {unknown}
 r - a potion of berserk rage {unknown}
 s - 2 potions of heal wounds {unknown}
 t - a potion of haste {unknown}
 v - a potion of curing {unknown}
Comestibles
 f - 11 rations
 j - 4 chunks of flesh


   Skills:
 + Level 4.0 Fighting
 + Level 4.2 Long Blades
 - Level 1.7 Throwing
 - Level 2.6 Dodging


You had 4 spell levels left.
You didn't know any spells.
Your spell library was empty.

Dungeon Overview and Level Annotations

Branches:
Dungeon (3/15)

Altars:
Ashenzari
Nemelex Xobeh
Sif Muna
Trog
Wu Jian
Xom


Innate Abilities, Weirdness & Mutations

You regenerate a little health from kills.
When hurt, damage is shared between your health and your magic reserves.


Message History

The goblin misses you.
The ice beast hits you but does no damage.
The kobold barely misses you.
You riposte.
You barely miss the kobold. You hit the ice beast but do no damage.
The ice beast is severely wounded.
The goblin hits you but does no damage.
The ice beast hits you but does no damage.
The kobold hits you but does no damage. The goblin barely misses you.
You riposte.
You hit the goblin.
You kill the goblin!
You hit the ice beast.
The ice beast is severely wounded.
The ice beast hits you.
* * * LOW HITPOINT WARNING * * *
The ice beast freezes you!
* * * LOW HITPOINT WARNING * * *
The kobold hits you but does no damage. The ice beast hits you.
* * * LOW HITPOINT WARNING * * *
The ice beast freezes you!
You die...

.......................#
.
........#..............#
........#..............+
........#............
........#...........
........#..........
........#####._...
........####......
.♣♣.♣....)@Y....8.
♣..P♣#####K...... ♣PP♣
....$.. ♣. #...... P
...... ##...# ####


You could see an ice beast and a kobold.

Vanquished Creatures
  4 gnolls
  2 adders (D:2)
  An ooze (D:2)
  A worm (D:2)
  4 dart slugs
  5 leopard geckos
  An orc (D:3)
  5 giant cockroaches
  8 hobgoblins
  8 jackals
  3 quokkas (D:2)
  10 bats
  4 frilled lizards
  8 goblins
  7 kobolds
  11 rats
82 creatures vanquished.

Notes
Turn   | Place    | Note
-------+----------+-------------------------------------------
     0 | D:1      | Essalna the Demonspawn Gladiator began the quest for the
                  | Orb.
     0 | D:1      | Reached XP level 1. HP: 16/16 MP: 1/1
   156 | D:1      | Gained mutation: You regenerate a little health from kills.
                  | [demonic ancestry]
   156 | D:1      | Reached XP level 2. HP: 21/23 MP: 2/2
   394 | D:1      | Gained mutation: When hurt, damage is shared between your
                  | health and your magic reserves. [demonic ancestry]
   394 | D:1      | Reached XP level 3. HP: 28/28 MP: 3/3
   808 | D:2      | Reached XP level 4. HP: 13/35 MP: 2/4
   953 | D:3      | Found a shimmering altar of Xom.
  1004 | D:3      | Noticed an ice beast
  1256 | D:2      | Found a sparkling altar of Nemelex Xobeh.
  1395 | D:2      | Found an ornate altar of the Wu Jian Council.
  1800 | D:3      | Found a bloodstained altar of Trog.
  1806 | D:3      | Reached XP level 5. HP: 42/42 MP: 5/5
  1940 | D:3      | Found a shattered altar of Ashenzari.
  2115 | D:3      | Found a shimmering blue altar of Sif Muna.
  2150 | D:3      | Slain by an ice beast

Levels and vault maps discovered:
D:1:      minmay_arrival_wavy_path, layout_basic, minmay_indecisive_spiral
D:2:      wad_crossroads, layout_rooms, lemuel_doored_altar, old_standard_altar
D:3:      layout_basic, old_standard_altar, old_standard_altar,
          nicolae_overflow_crystal_walls, cheibrodos_ashenzari_chains,
          overflow_temple_1_default, grunt_temple_overflow_open, serial_forest,
          infiniplex_forest_corner_1, infiniplex_forest_clump_large,
          infiniplex_forest_lined_3, infiniplex_forest_lined_room_2,
          infiniplex_forest_end_2, infiniplex_forest_clump_small,
          infiniplex_forest_clump_cross, infiniplex_forest_lined_4_way,
          infiniplex_forest_clump_large, infiniplex_forest_split

Skill      XL: |  1  2  3  4  5 |
---------------+----------------+-----
Long Blades    | 3 4 |  4.2
Fighting       | 3 4 |  4.0
Throwing       | |  1.7
Dodging        | |  2.6

Action                   |  1- 3 |  4- 6 || total
-------------------------+-------+-------++-------
Melee: Long sword        |   118 |   128 ||   246
Throw: Throwing net      |       |     5 ||     5
  Use: Scroll            |       |     7 ||     7
 Stab: Sleeping          |     1 |       ||     1
       Held in net/web   |       |     1 ||     1
  Eat: Chunk             |       |     4 ||     4
Armor: Leather armour    |    56 |    45 ||   101
Dodge: Dodged            |   119 |    92 ||   211
       Rpst.: Long sword |    34 |    37 ||    71

Table legend:
 A = Non-vault XP
 B = Vault XP
 C = Vault XP percentage of total XP
 D = Non-vault monster count
 E = Vault monster count
 F = Vault count percentage of total count
                 A         B        C        D         E       F
            +---------+---------+-------+---------+---------+-------
      Total |     209 |      15 |   6.7 |      74 |       8 |   9.8
            +---------+---------+-------+---------+---------+-------
        D:1 |      59 |       7 |  10.6 |      28 |       4 |  12.5
        D:2 |     109 |       7 |   6.0 |      27 |       3 |  10.0
        D:3 |      41 |       1 |   2.4 |      19 |       1 |   5.0
            +---------+---------+-------+---------+---------+-------
